Map: Sentinel CE

Players

Wlodziu - Winner!

  • Race: Zerg Zerg
  • Spawn Location: 9:00

Iceberg - Winner!

  • Race: Protoss Protoss
  • Spawn Location: 9:00

Leon - Winner!

  • Race: Zerg Zerg
  • League: Gold
  • Spawn Location: 12:00

Владимир

  • Race: Terran Terran
  • League: Master
  • Spawn Location: 5:00

Terracot

  • Race: Protoss Protoss
  • Spawn Location: 6:00

Felix

  • Race: Terran Terran
  • Spawn Location: 5:00

VOD

Have the link to the VOD?

Description

Time

  • Played on: March 22, 2026, 6:26 a.m.
  • Length: 17:18
Show
View Real Time Build Order
Export as new Build Order

Wlodziu Zerg - Winner!

Build Orders: Hatch First 

Get SALT Encoding   

  12  0:02  Drone  
  13  0:15  Drone  
  13  0:19  Extractor, Drone  
  15  0:22  Overlord  
  15  0:49  Hatchery, Drone  
  15  0:51  Extractor  
  15  0:52  Drone  
  15  0:57  Drone  
  17  1:04  Drone  
  17  1:17  Spawning Pool  
  16  1:20  Drone  
  17  1:45  Drone x3  
  20  1:56  Overlord  
  20  2:06  Queen  
  20  2:08  Queen  
  24  2:09  Zergling x4  
  24  2:14  Drone  
  27  2:28  Zergling x2  
  27  2:29  Zergling x2  
  28  2:48  Zergling x2  
  28  2:49  Zergling x2  
  30  3:03  Drone x3  
  30  3:04  Drone x2  
  35  3:13  Queen, Roach Warren  
  35  3:37  Drone  
  35  3:39  Overlord  
  36  3:41  Extractor  
  36  3:43  Extractor  
  36  3:45  Extractor  
  36  3:47  Drone  
  36  3:48  Drone x2, Evolution Chamber  
  36  3:49  Drone x2, Evolution Chamber  
  36  4:03  Spine Crawler  
  36  4:07  Spine Crawler  
  36  4:09  Roach  
  38  4:10  Roach x4  
  44  4:20  Lair  
  44  4:26  Zerg Missile Weapons Level 1  
  44  4:33  Overlord  
  44  4:53  Zerg Ground Armor Level 1  
  44  4:55  Drone x4  
  44  4:56  Drone  
  49  5:04  Drone x2  
  49  5:05  Drone  
  51  5:26  Overlord x2  
  51  5:32  Spore Crawler  
  50  5:37  Spore Crawler  
  50  5:38  Overseer x2  
  49  5:43  Roach  
  49  5:44  Roach x2  
  49  5:45  Roach  
  49  5:46  Overlord  
  57  6:05  Roach  
  57  6:06  Roach x4  
  63  6:18  Roach  
  63  6:19  Roach x3  
  63  6:24  Glial Reconstitution  
  71  6:56  Hatchery  
  71  6:57  Drone x3  
  71  6:59  Drone x3  
  76  7:04  Overlord x3  
  76  7:47  Roach  
  76  7:48  Roach x7  
  92  7:51  Overlord x2  
  92  7:52  Overlord x2  
  92  8:16  Roach x6  
  104  8:23  Zerg Missile Weapons Level 2  
  104  8:28  Zerg Ground Armor Level 2  
  94  8:59  Drone x2  
  94  9:00  Drone x4  
  96  9:18  Overseer x2  
  94  9:46  Infestation Pit  
  94  9:50  Hydralisk Den  
  90  9:59  Extractor  
  85  10:01  Extractor  
  85  10:03  Drone, Spore Crawler  
  85  10:04  Drone x22  
  85  10:06  Spore Crawler  
  105  10:15  Overlord x3  
  105  10:16  Overlord x2  
  105  10:28  Spore Crawler  
  104  10:32  Spine Crawler  
  103  10:41  Drone x6  
  103  10:42  Drone x3  
  112  11:12  Overlord x3  
  112  11:17  Hive  
  112  11:20  Pneumatized Carapace  
  112  11:31  Hatchery  
  111  11:32  Unknown  
  110  11:52  Muscular Augments  
  110  11:53  Hydralisk x13  
  110  11:54  Hydralisk x2  
  140  12:22  Hydralisk  
  140  12:23  Hydralisk x10  
  162  12:50  Hydralisk  
  164  12:56  Grooved Spines  
  136  13:02  Queen  
  136  13:04  Hydralisk  
  136  13:05  Hydralisk x15  
  136  13:10  Zerg Missile Weapons Level 3  
  166  13:46  Adrenal Glands  
  166  13:49  Zerg Ground Armor Level 3  
  138  14:40  Hydralisk x13  
  138  14:41  Hydralisk x2  
  138  14:44  Overlord x5  
  168  14:52  Lurker Den  
  167  15:05  Ultralisk Cavern  
  166  15:18  Metabolic Boost  
  118  16:43  Hydralisk  
  118  16:44  Hydralisk x25  
  118  16:45  Hydralisk x7  
Show
View Real Time Build Order
Export as new Build Order

Iceberg Protoss - Winner!

Build Orders:  

Get SALT Encoding   

  12  0:00  Probe  
  13  0:12  Probe  
  14  0:21  Pylon  
  14  0:24  Probe  
  15  0:36  Probe  
  16  0:44  Probe  
  17  0:53  Probe  
  18  1:05  Probe  
  18  1:06  Nexus  
  19  1:13  Probe  
  20  1:21  Probe  
  21  1:32  Probe  
  22  1:52  Nexus, Pylon  
  22  1:56  Probe  
  23  2:03  Gateway  
  23  2:11  Probe  
  24  2:17  Assimilator  
  24  2:20  Probe, Assimilator  
  24  2:23  Probe  
  24  2:28  Probe  
  27  2:38  Probe x2  
  29  2:50  Probe  
  29  2:51  Probe  
  31  2:54  Assimilator  
  31  2:58  Assimilator  
  31  2:59  Cybernetics Core  
  31  3:02  Probe x2  
  31  3:04  Forge, Probe  
  33  3:11  Probe  
  34  3:14  Probe  
  36  3:20  Probe  
  36  3:22  Probe  
  36  3:26  Pylon, Probe  
  39  3:32  Probe  
  40  3:35  Probe  
  40  3:38  Stargate  
  41  3:42  Stargate  
  41  3:43  Probe  
  41  3:47  Probe  
  43  3:54  Probe  
  44  3:58  Assimilator  
  44  3:59  Probe  
  44  4:01  Probe  
  44  4:02  Assimilator  
  46  4:10  Photon Cannon  
  46  4:11  Probe x2  
  46  4:13  Probe  
  49  4:23  Photon Cannon, Probe x2  
  55  4:34  Void Ray  
  55  4:38  Probe x3  
  62  4:54  Void Ray  
  62  4:56  Probe  
  62  4:57  Pylon  
  62  4:58  Probe  
  62  4:59  Probe  
  65  5:01  Pylon  
  65  5:06  Pylon  
  65  5:08  Pylon  
  65  5:16  Fleet Beacon  
  65  5:17  Probe  
  65  5:18  Probe x2  
  68  5:29  Probe  
  68  5:30  Probe  
  68  5:35  Void Ray  
  74  5:43  Pylon  
  74  5:46  Photon Cannon  
  74  5:48  Pylon, Photon Cannon  
  74  5:50  Pylon  
  74  5:52  Probe x2  
  74  5:56  Void Ray  
  80  6:12  Photon Cannon  
  80  6:15  Photon Cannon  
  80  6:17  Photon Cannon  
  84  6:18  Void Ray  
  84  6:20  Stargate  
  84  6:36  Stargate, Probe x3  
  84  6:37  Stargate  
  91  6:48  Probe x2  
  91  6:49  Probe  
  91  6:52  Protoss Shields Level 1, Void Ray  
  94  6:57  Forge  
  94  7:04  Protoss Air Weapons Level 1  
  94  7:06  Cybernetics Core  
  102  7:11  Void Ray  
  102  7:12  Void Ray, Stargate  
  102  7:17  Probe x3  
  109  7:41  Void Ray  
  109  7:44  Void Ray  
  117  7:45  Pylon  
  117  7:47  Pylon  
  117  7:48  Void Ray, Nexus  
  117  7:49  Pylon  
  117  7:52  Pylon  
  117  7:56  Pylon  
  121  8:00  Void Ray  
  121  8:01  Pylon  
  121  8:05  Protoss Air Armor Level 1, Assimilator  
  125  8:06  Twilight Council  
  125  8:09  Assimilator  
  125  8:11  Void Ray  
  125  8:35  Void Ray  
  125  8:36  Protoss Shields Level 2  
  105  8:45  Void Ray  
  105  8:46  Void Ray  
  105  8:47  Void Ray  
  109  8:49  Void Ray  
  109  8:52  Protoss Air Weapons Level 2  
  117  8:56  Void Ray  
  117  9:12  Probe  
  117  9:13  Probe  
  123  9:18  Void Ray  
  131  9:28  Void Ray  
  131  9:29  Void Ray  
  139  9:43  Probe x3, Void Ray  
  139  9:44  Void Ray  
  146  9:57  Void Ray  
  154  10:10  Protoss Air Armor Level 2  
  154  10:11  Void Ray  
  154  10:12  Void Ray  
  158  10:14  Pylon  
  158  10:15  Pylon  
  158  10:16  Pylon  
  158  10:19  Pylon  
  158  10:20  Void Ray  
  158  10:21  Pylon  
  162  10:22  Pylon  
  162  10:23  Pylon  
  162  10:26  Void Ray  
  162  10:27  Stargate  
  166  10:29  Stargate  
  166  10:33  Void Ray  
  170  10:53  Protoss Shields Level 3, Void Ray  
  178  10:58  Void Ray  
  178  10:59  Void Ray  
  182  11:05  Void Ray  
  182  11:28  Protoss Air Weapons Level 3  
  190  11:51  Void Ray  
  190  11:52  Void Ray  
  198  12:04  Void Ray  
  198  12:05  Void Ray  
  198  13:07  Void Ray x2  
  198  13:44  Protoss Air Armor Level 3  
  198  14:46  Void Ray x3  
  198  16:15  Void Ray x5  
Show
View Real Time Build Order
Export as new Build Order

Leon Zerg - Winner!

Build Orders: Pool First, Lurkers 

Get SALT Encoding   

  12  0:01  Drone  
  13  0:19  Overlord  
  13  0:21  Drone  
  14  0:37  Drone x2  
  14  0:41  Drone  
  17  0:56  Spawning Pool, Drone, Extractor  
  16  1:02  Drone  
  17  1:19  Drone  
  17  1:24  Hatchery  
  17  1:26  Overlord  
  17  1:42  Drone  
  17  1:45  Drone  
  19  1:56  Zergling x2  
  20  2:02  Queen  
  20  2:07  Zergling x2  
  23  2:19  Metabolic Boost  
  23  2:26  Zergling x2  
  24  2:36  Queen  
  26  2:44  Zergling x6  
  29  3:00  Zergling x4  
  29  3:01  Zergling x4  
  33  3:08  Overlord  
  33  3:15  Zergling x2  
  33  3:16  Zergling x4  
  36  3:28  Overlord  
  36  3:29  Zergling x2  
  37  3:35  Zergling x2  
  37  3:36  Zergling x2  
  39  3:41  Zergling x4  
  40  4:23  Drone  
  40  4:24  Drone x5  
  46  4:29  Lair  
  46  4:31  Overlord  
  46  4:43  Spore Crawler  
  45  4:54  Spore Crawler, Drone  
  45  4:55  Drone x6  
  51  5:06  Drone x3  
  55  5:07  Drone  
  55  5:09  Extractor  
  54  5:18  Queen  
  54  5:20  Overlord x3  
  56  5:21  Overlord  
  56  5:32  Overseer  
  56  5:37  Extractor, Pneumatized Carapace  
  56  5:39  Extractor  
  41  6:08  Overseer  
  37  6:31  Drone x5  
  37  6:32  Drone x4  
  46  6:36  Hydralisk Den  
  46  6:38  Spine Crawler  
  44  6:52  Drone x5  
  49  7:07  Hatchery, Hydralisk x7  
  62  7:21  Queen, Lurker Den  
  63  7:38  Hydralisk x5  
  63  7:39  Hydralisk  
  75  7:46  Overlord x2  
  75  7:47  Overlord  
  75  8:19  Queen  
  77  8:28  Spore Crawler  
  76  8:34  Hydralisk x4  
  76  8:35  Hydralisk x8  
  76  8:36  Hydralisk  
  102  8:48  Overseer  
  102  8:57  Hydralisk x2  
  102  9:02  Overlord x2  
  106  9:03  Overlord  
  106  9:04  Overlord  
  100  9:37  Hydralisk x9  
  118  9:39  Hydralisk  
  118  9:45  Drone x3  
  123  9:47  Drone  
  124  9:54  Lurker  
  124  9:55  Lurker  
  126  10:03  Drone x2  
  126  10:04  Drone x5  
  126  10:06  Drone  
  134  10:17  Overlord x3  
  134  10:21  Extractor  
  133  10:22  Drone x2  
  133  10:25  Extractor  
  134  10:38  Lurker x3  
  134  10:39  Lurker  
  134  10:40  Lurker  
  139  10:58  Hatchery  
  138  11:05  Drone  
  138  11:06  Drone x6  
  138  11:07  Infestation Pit  
  144  11:24  Evolution Chamber  
  143  11:26  Evolution Chamber  
  142  11:43  Hydralisk x10  
  142  11:46  Overlord  
  142  11:47  Overlord x2  
  162  11:56  Overlord x2  
  162  11:57  Overlord  
  160  12:31  Hatchery  
  160  12:33  Hydralisk  
  160  12:34  Hydralisk x12  
  160  12:35  Hydralisk  
  187  12:38  Hydralisk  
  189  12:45  Muscular Augments  
  189  12:49  Extractor  
  188  12:53  Extractor  
  173  13:23  Hydralisk  
  173  13:24  Hydralisk x12  
  199  13:29  Overlord  
  199  13:31  Overseer  
  199  13:35  Lurker  
  200  13:43  Hive  
  200  13:51  Queen  
  200  14:10  Grooved Spines  
  200  14:44  Overseer  
  200  15:02  Ultralisk Cavern  
  200  15:03  Seismic Spines  
  200  15:06  Zergling x2  
  200  15:21  Zerg Ground Armor Level 1, Zerg Missile Weapons Level 1  
  200  16:00  Adaptive Talons  
  192  16:18  Ultralisk  
  198  16:31  Ultralisk  
  198  16:32  Ultralisk  
  200  16:37  Unknown  
Show
View Real Time Build Order
Export as new Build Order

Владимир Terran 

Build Orders:  

Get SALT Encoding   

  12  0:00  SCV  
  13  0:19  Supply Depot  
  13  0:20  SCV  
  14  0:34  SCV  
  15  0:43  Barracks  
  15  0:46  SCV  
  15  0:49  Refinery  
  16  1:04  SCV  
  17  1:16  SCV  
  18  1:26  Supply Depot  
  18  1:28  SCV  
  19  1:36  Reaper  
  20  1:40  SCV  
  20  1:42  Barracks  
  21  1:49  Barracks  
  21  1:53  SCV  
  22  1:57  Refinery  
  22  2:09  SCV  
  22  2:11  Reaper  
  24  2:21  SCV  
  25  2:29  Supply Depot  
  25  2:32  Factory  
  26  2:37  Reaper  
  26  2:57  SCV  
  27  3:01  Reaper x2  
  29  3:16  Supply Depot  
  30  3:24  Orbital Command  
  30  3:25  Command Center  
  30  3:29  Factory Tech Lab  
  27  3:40  Barracks Reactor  
  27  3:41  Barracks Reactor  
  27  3:43  Barracks Tech Lab  
  26  3:54  Barracks Tech Lab  
  26  4:03  Stimpack  
  26  4:05  Siege Tank  
  26  4:07  SCV  
  30  4:19  Combat Shield  
  30  4:22  Marine x2  
  32  4:24  Marine x2  
  32  4:27  Supply Depot  
  32  4:28  SCV  
  35  4:38  Starport  
  35  4:46  Marine x3  
  35  4:47  Marine  
  35  4:50  Supply Depot  
  39  4:55  SCV  
  39  4:57  SCV  
  41  5:03  Marine  
  42  5:14  Marine  
  42  5:15  Marine  
  42  5:16  Marine  
  42  5:18  Siege Tank  
  42  5:20  Medivac  
  50  5:22  SCV  
  50  5:23  Orbital Command  
  51  5:30  Supply Depot  
  51  5:34  SCV  
  52  5:44  Engineering Bay  
  52  5:46  SCV  
  53  5:58  Marine x2  
  53  5:59  Marine, Marauder  
  53  6:00  Siege Tank  
  53  6:02  Starport Reactor  
  61  6:06  Supply Depot  
  61  6:16  Marine x2  
  61  6:17  Marauder  
  65  6:22  SCV x2  
  67  6:27  Marine  
  67  6:32  Siege Tank  
  70  6:34  Marine  
  71  6:41  Marauder  
  71  6:42  Marine  
  74  6:52  SCV x2  
  76  6:58  Supply Depot  
  76  7:03  Supply Depot  
  76  7:04  SCV  
  76  7:08  Marine x4  
  81  7:21  Command Center  
  81  7:25  Marine  
  82  7:42  Marine x3  
  82  7:43  Marine, Siege Tank  
  66  7:44  Medivac x2  
  89  7:46  Concussive Shells  
  93  7:53  Supply Depot  
  93  7:54  SCV x2  
  93  7:55  Engineering Bay x2  
  93  7:56  Supply Depot  
  95  8:00  Marine  
  96  8:06  Marine x3, SCV x2  
  101  8:16  Medivac x2  
  101  8:18  Marine  
  106  8:23  Marine  
  106  8:24  Marine  
  95  8:54  Marine x3  
  95  8:55  Marine, Siege Tank  
  99  8:56  Medivac  
  99  9:01  Barracks  
  104  9:04  Orbital Command  
  104  9:05  SCV x2  
  106  9:14  Supply Depot  
  106  9:15  Supply Depot  
  106  9:17  Barracks, SCV  
  106  9:19  Barracks  
  99  9:49  Marine x4  
  99  9:51  Siege Tank, Medivac  
  108  10:01  Barracks Reactor  
  108  10:10  Terran Infantry Weapons Level 1  
  108  10:15  Refinery  
  108  10:20  Refinery, Supply Depot  
  108  10:21  Supply Depot  
  108  10:22  Barracks Tech Lab  
  108  10:23  Barracks Reactor  
  108  10:24  Marine  
  108  10:25  Marine x3  
  112  10:42  Marine x2  
  112  10:43  Marine x2  
  112  10:45  Refinery, SCV x3  
  112  10:46  Refinery  
  119  11:00  Marine x2  
  121  11:05  Marine x6  
  121  11:06  Marauder  
  121  11:07  Siege Tank  
  121  11:08  Viking x2  
  136  11:14  SCV x3  
  139  11:24  Marauder x2  
  139  11:25  Marine x4  
  144  11:26  Marine x2, SCV  
  144  11:29  Terran Infantry Armor Level 1  
  150  11:38  Armory  
  150  11:44  Supply Depot  
  150  11:45  Supply Depot  
  150  11:53  Command Center  
  147  12:38  Missile Turret  
  147  12:40  Missile Turret  
  143  13:00  Missile Turret x2  
  142  13:06  SCV x2  
  142  13:07  Planetary Fortress  
  142  13:10  Marine x6  
  142  13:11  Marine x3  
  142  13:12  Siege Tank  
  156  13:13  Viking x2  
  160  13:28  Marine x3  
  160  13:29  Marine x5  
  160  13:30  Marine  
  169  13:44  SCV x2  
  169  13:45  SCV, Marine  
  169  13:46  Marine x2  
  169  13:47  Marine  
  176  13:56  SCV x2  
  176  13:57  SCV  
  178  14:04  Hi-Sec Auto Tracking  
  178  14:08  SCV  
  179  14:14  Missile Turret  
  179  14:15  Missile Turret x2  
  179  14:17  Missile Turret x3  
  179  14:19  Missile Turret  
  179  14:27  Missile Turret  
  179  14:29  Missile Turret  
  179  14:32  Missile Turret  
  179  14:43  Missile Turret x2  
  179  14:45  Missile Turret  
  178  14:47  Missile Turret x3  
  178  14:53  Missile Turret  
  178  14:57  Missile Turret  
  176  15:01  Missile Turret x2  
  176  15:04  Missile Turret  
  117  15:49  Engineering Bay  
  114  16:05  Marine x3  
  114  16:06  Marine x4  
  114  16:07  Marauder x2  
  114  16:23  Marine x3  
  114  16:24  Marauder  
  114  16:28  Marauder x2  
Show
View Real Time Build Order
Export as new Build Order

Terracot Protoss 

Build Orders: 1 Gate Expand 

Get SALT Encoding   

  12  0:02  Probe  
  13  0:22  Pylon  
  13  0:26  Pylon  
  14  0:28  Probe  
  14  0:45  Gateway  
  14  0:49  Probe  
  15  1:02  Gateway  
  15  1:10  Probe  
  16  1:13  Assimilator  
  16  1:42  Nexus  
  16  1:53  Cybernetics Core  
  16  2:00  Probe  
  17  2:11  Assimilator  
  17  2:12  Probe  
  18  2:19  Assimilator  
  18  2:24  Probe  
  19  2:36  Probe  
  20  2:46  Stargate  
  20  2:48  Probe, Pylon  
  21  2:56  Assimilator  
  21  3:00  Probe  
  22  3:11  Zealot  
  22  3:12  Probe  
  25  3:17  Zealot  
  27  3:29  Probe x2  
  27  3:32  Warp Gate  
  29  3:41  Probe, Pylon  
  34  4:04  Void Ray  
  34  4:08  Forge  
  34  4:26  Probe x2  
  36  4:37  Zealot x2  
  40  4:42  Void Ray  
  44  4:56  Probe  
  44  4:57  Probe  
  46  5:08  Pylon  
  46  5:09  Probe  
  46  5:11  Pylon  
  43  5:18  Protoss Air Weapons Level 1  
  43  5:41  Stargate x2  
  43  5:43  Stargate  
  43  5:45  Stargate  
  47  6:06  Void Ray  
  46  6:22  Probe x2  
  48  6:34  Probe x2  
  50  6:40  Void Ray  
  50  6:41  Void Ray  
  50  6:46  Probe x2  
  60  6:58  Probe x2  
  62  7:05  Zealot  
  62  7:06  Zealot  
  66  7:10  Probe  
  66  7:11  Probe  
  66  7:13  Robotics Facility  
  66  7:15  Protoss Air Armor Level 1  
  68  7:23  Probe x2  
  68  7:24  Twilight Council  
  74  7:32  Void Ray  
  74  7:33  Pylon  
  74  7:41  Pylon  
  74  8:01  Nexus  
  74  8:05  Probe x2  
  75  8:11  Assimilator  
  76  8:15  Assimilator  
  76  8:17  Probe x2, Pylon  
  78  8:20  Pylon  
  82  8:29  Probe  
  82  8:30  Void Ray  
  91  8:54  Void Ray x2  
  95  9:04  Void Ray  
  95  9:08  Probe x2  
  97  9:20  Probe x2  
  107  9:32  Void Ray, Probe x2  
  107  9:33  Void Ray  
  113  9:40  Probe  
  113  9:42  Void Ray  
  113  9:44  Probe x2  
  116  9:53  Probe  
  116  9:56  Probe  
  116  9:57  Probe  
  116  9:59  Void Ray  
  123  10:05  Probe  
  124  10:08  Probe  
  124  10:12  Pylon  
  125  10:15  Pylon  
  125  10:17  Pylon  
  125  10:21  Pylon  
  125  10:23  Pylon  
  125  10:35  Probe x3, Void Ray  
  136  10:44  Void Ray  
  136  10:47  Probe x3  
  136  10:49  Fleet Beacon  
  139  10:59  Probe x3  
  142  11:06  Photon Cannon  
  142  11:07  Photon Cannon  
  142  11:11  Photon Cannon, Probe x2  
  143  11:14  Photon Cannon  
  144  11:19  Shield Battery  
  144  11:23  Shield Battery  
  148  11:26  Shield Battery  
  148  11:28  Void Ray  
  148  11:37  Nexus  
  148  11:38  Probe x2  
  148  11:39  Probe  
  151  11:50  Probe  
  151  11:51  Probe  
  161  11:54  Mothership  
  161  12:07  Void Ray  
  165  12:10  Pylon  
  165  12:14  Pylon  
  165  12:16  Pylon  
  165  12:18  Pylon  
  165  12:22  Pylon  
  165  12:24  Pylon  
  165  12:29  Pylon  
  173  12:33  Void Ray x2  
  165  13:16  Void Ray  
  165  13:17  Void Ray x4  
  166  13:41  Probe x3  
  168  13:53  Probe  
  41  15:33  Cybernetics Core  
  41  15:34  Cybernetics Core  
  41  15:36  Void Ray  
  41  15:44  Fleet Beacon  
  41  15:54  Pylon  
  41  15:59  Pylon  
  41  16:12  Stargate  
  41  16:13  Phoenix  
  41  16:14  Stargate  
  41  16:15  Stargate  
  41  16:17  Stargate  
  43  16:19  Stargate  
  43  16:21  Stargate  
  43  16:39  Probe  
  45  16:40  Probe  
  45  16:51  Probe  
Show
View Real Time Build Order
Export as new Build Order

Felix Terran 

Build Orders: Hellion Opening 

Get SALT Encoding   

  12  0:02  SCV  
  13  0:14  SCV  
  13  0:21  Supply Depot  
  14  0:26  SCV  
  15  0:31  Refinery  
  16  0:42  SCV  
  16  0:45  Barracks  
  16  0:55  SCV  
  17  1:07  SCV  
  18  1:14  Refinery  
  18  1:19  SCV  
  19  1:31  SCV  
  20  1:37  Factory  
  20  1:44  Orbital Command  
  20  1:47  Barracks Reactor  
  20  2:04  Supply Depot  
  20  2:10  SCV  
  21  2:22  SCV  
  22  2:30  Starport  
  22  2:31  Barracks Tech Lab  
  22  2:32  Hellion x2  
  26  2:38  SCV  
  26  2:42  Supply Depot  
  27  2:50  SCV  
  28  2:54  Hellion  
  30  3:04  Hellion, Supply Depot, Marine  
  33  3:17  Hellion  
  35  3:34  Ghost Academy  
  35  3:38  Supply Depot  
  35  3:41  Hellion x2  
  39  4:01  Supply Depot  
  41  4:14  Personal Cloaking  
  41  4:23  Supply Depot  
  41  4:36  Unknown  
  43  4:47  Supply Depot  
  43  4:51  Starport Tech Lab  
  43  4:55  Factory  
  43  5:04  Unknown  
  43  5:14  Command Center  
  43  5:26  SCV  
  44  5:30  Supply Depot  
  44  5:36  Armory  
  44  5:37  Armory  
  44  5:38  SCV  
  45  5:50  SCV  
  45  5:53  Supply Depot  
  41  6:33  Factory Tech Lab  
  41  6:35  Factory  
  41  6:41  Hellion x2  
  47  6:49  Terran Vehicle And Ship Armor Level 1  
  47  6:50  Terran Vehicle Weapons Level 1  
  47  7:06  Hellion x2  
  47  7:08  Orbital Command  
  51  7:11  SCV  
  51  7:14  Unknown  
  54  7:17  Supply Depot  
  54  7:22  Nuke  
  54  7:23  SCV  
  54  7:26  Factory Tech Lab  
  55  7:31  Raven  
  57  7:39  SCV  
  57  7:40  SCV  
  57  7:42  Unknown  
  59  7:51  SCV  
  59  7:56  Thor  
  66  7:59  Widow Mine x2  
  48  9:24  SCV x2  
  48  9:26  Thor x2  
  48  9:28  Hellion x2  
  68  9:36  Refinery, SCV  
  68  9:37  SCV  
  70  9:40  Supply Depot  
  70  9:49  Hellion, Terran Vehicle And Ship Armor Level 2  
  70  9:50  Hellion  
  74  9:59  Unknown  
  74  10:10  Widow Mine x2  
  74  10:11  Widow Mine x2  
  82  10:24  Refinery  
  82  10:26  Medivac  
  84  10:34  Command Center  
  84  10:54  Infernal Pre-Igniter  
  84  10:55  Drilling Claws  
  84  10:57  Command Center  
  84  11:16  Hellion x2, Thor  
  96  11:18  Hellion  
  96  11:28  Terran Vehicle Weapons Level 2  
  96  11:33  Supply Depot  
  96  11:34  SCV  
  96  11:35  SCV  
  98  11:46  SCV  
  98  11:47  SCV  
  100  11:59  SCV  
  97  12:10  Hellion x4  
  97  12:13  Smart Servos  
  101  12:31  Hellion x4  
  101  12:32  Factory  
  109  12:38  Factory  
  109  12:42  Factory  
  109  12:43  Terran Vehicle And Ship Armor Level 3  
  109  12:45  Supply Depot  
  109  13:09  Hellion x2  
  109  13:10  Hellion x2  
  119  13:31  Hellion x2  
  123  13:37  Orbital Command  
  123  13:39  SCV x2  
  125  13:49  Unknown  
  125  13:51  SCV x2  
  125  13:52  Factory Reactor  
  125  13:53  Factory Tech Lab x2  
  129  14:03  SCV  
  124  14:18  Unknown  
  114  14:49  Hellion  
  114  14:50  Hellion x3  
  124  15:16  Unknown  
  119  15:45  Unknown  
  34  16:13  Unknown  
Tags
 
Add a new tag
Caveats
  • Supply blocks, unpowered buildings, or Contaminate may cause inaccurate times.
  • Supply counts are checked every 10 seconds.